TOP OF THE 1ST |
Amarillo Gold Sox batting - Pitching for El Paso Sun Kings : RHP Grady Warren
|
Pitching: RHP Grady Warren
|
|
Batting: SHB Mike Felder
|
0-0: Fly out, F4 (Flyball, 4MD, EV 96.3 MPH)
|
Batting: LHB Hector Arroyo
|
0-0: Called Strike 0-1: Ball 1-1: Ball 2-1: Ball 3-1: Foul Ball, location: 2F 3-2: Foul Ball, location: 2F 3-2: Base on Balls
|
Batting: SHB Al Newman
|
0-0: SINGLE (Groundball, 4S, EV 70.6 MPH) (infield hit) Hector Arroyo to second
|
Batting: LHB Louie Meadows
|
0-0: Called Strike Hector Arroyo steals 3rd base 0-1: Called Strike 0-2: Ball Al Newman steals 2nd base 1-2: Ground out 1-3 (Groundball, 13S, EV 66.3 MPH)
|
Batting: SHB Steve Jeltz
|
0-0: Called Strike 0-1: Called Strike 0-2: Ball 1-2: Strikes out swinging
|
Top of the 1st over - 0 runs, 1 hit, 0 errors, 2 left on base; Amarillo 0 - El Paso 0 |
BOTTOM OF THE 1ST |
El Paso Sun Kings batting - Pitching for Amarillo Gold Sox : RHP Stew Cliburn
|
Pitching: RHP Stew Cliburn
|
|
Batting: LHB Stanley Hendrickson
|
0-0: Called Strike 0-1: Ball 1-1: Ball 2-1: Ball 3-1: Base on Balls
|
Batting: SHB Keith Thrower
|
0-0: Called Strike 0-1: Called Strike 0-2: Foul Ball, location: 2F 0-2: Ball 1-2: Ball 2-2: SINGLE (Groundball, 56D, EV 93.8 MPH) Stanley Hendrickson to second
|
Batting: RHB Dionisio DeJesus
|
0-0: SINGLE (Groundball, 56D, EV 99.4 MPH) Stanley Hendrickson to third Keith Thrower to second Runner from 3rd tries for Home, SAFE, throw by LF to home
|
Batting: RHB Chuckie Canady
|
0-0: Ball 1-0: Ball 2-0: Ball 3-0: Base on Balls Keith Thrower to third Dionisio DeJesus to second
|
Batting: RHB Mike Anicich
|
0-0: Ball 1-0: Called Strike 1-1: Swinging Strike 1-2: Strikes out looking
|
Batting: RHB Cecil Strawn
|
0-0: Foul Ball, location: 2F 0-1: Ball 1-1: Foul Ball, location: 2F 1-2: Strikes out swinging
|
Batting: LHB Matteo Allucingoli
|
0-0: Ball 1-0: Fly out, F8 (Line Drive, 8LM, EV 91.9 MPH)
|
Bottom of the 1st over - 1 run, 2 hits, 0 errors, 3 left on base; Amarillo 0 - El Paso 1 |
TOP OF THE 2ND |
Amarillo Gold Sox batting - Pitching for El Paso Sun Kings : RHP Grady Warren
|
Batting: LHB Derwin McNealy
|
0-0: Called Strike 0-1: Foul Ball, location: 2F 0-2: Foul Ball, location: 2F 0-2: DOUBLE (Line Drive, 9LM, EV 101.3 MPH)
|
Batting: RHB Bill Pecota
|
0-0: Ball Derwin McNealy steals 3rd base 1-0: Fly out, F9 (Flyball, 9, EV 83.8 MPH) Runner from 3rd tags up, SCORES, no throw by RF
|
Batting: RHB Vic Alvarado
|
0-0: Ball 1-0: Fly out, F9 (Line Drive, 9D, EV 109.4 MPH)
|
Batting: RHB Todd Smith
|
0-0: Ball 1-0: Swinging Strike 1-1: Ball 2-1: Foul Ball, location: 2F 2-2: Foul Ball, location: 2F 2-2: Foul Ball, location: 2F 2-2: Fly out, F4 (Line Drive, 4, EV 75.0 MPH)
|
Top of the 2nd over - 1 run, 1 hit, 0 errors, 0 left on base; Amarillo 1 - El Paso 1 |
BOTTOM OF THE 2ND |
El Paso Sun Kings batting - Pitching for Amarillo Gold Sox : RHP Stew Cliburn
|
Batting: SHB Wayne Stone
|
0-0: Ball 1-0: Ball 2-0: Ball 3-0: Called Strike 3-1: Called Strike 3-2: SINGLE (Groundball, 6D, EV 100.6 MPH)
|
Batting: RHB Lance Ediger
|
0-0: Ball 1-0: Reached on error, E3 (Groundball, 34S, EV 93.8 MPH) Wayne Stone to second
|
Batting: LHB Stanley Hendrickson
|
0-0: Ball 1-0: Foul Ball, location: 2F 1-1: Swinging Strike 1-2: Ball 2-2: Ball 3-2: Ground out 4-3 (Groundball, 4S, EV 63.8 MPH) Wayne Stone to third Lance Ediger to second
|
Batting: SHB Keith Thrower
|
0-0: Called Strike 0-1: Foul Ball, location: 2F 0-2: Foul Ball, location: 2F 0-2: Ball 1-2: 3-RUN HOME RUN (Flyball, 9D, EV 98.1 MPH), Distance : 387 ft
|
Batting: RHB Dionisio DeJesus
|
0-0: Ball 1-0: Foul Ball, location: 2F 1-1: Called Strike 1-2: Foul Ball, location: 2F 1-2: Strikes out swinging
|
Batting: RHB Chuckie Canady
|
0-0: Ball 1-0: Called Strike 1-1: SOLO HOME RUN (Flyball, 7D, EV 95.6 MPH), Distance : 384 ft
|
Batting: RHB Mike Anicich
|
0-0: Ball 1-0: Swinging Strike 1-1: Ball 2-1: Fly out, F5 (Popup, 5, EV 68.1 MPH)
|
Bottom of the 2nd over - 4 runs, 3 hits, 1 error, 0 left on base; Amarillo 1 - El Paso 5 |
TOP OF THE 3RD |
Amarillo Gold Sox batting - Pitching for El Paso Sun Kings : RHP Grady Warren
|
Batting: SHB Mike Felder
|
0-0: Called Strike 0-1: Ground out 6-3 (Groundball, 4M, EV 91.9 MPH)
|
Batting: LHB Hector Arroyo
|
0-0: Ball 1-0: Ball 2-0: Fly out, F5 (Popup, 56S, EV 76.9 MPH)
|
Batting: SHB Al Newman
|
0-0: Ball 1-0: Fly out, F7 (Flyball, 78S, EV 86.3 MPH)
|
Top of the 3rd over - 0 runs, 0 hits, 0 errors, 0 left on base; Amarillo 1 - El Paso 5 |
BOTTOM OF THE 3RD |
El Paso Sun Kings batting - Pitching for Amarillo Gold Sox : RHP Stew Cliburn
|
Batting: RHB Cecil Strawn
|
0-0: Foul Ball, location: 2F 0-1: Ball 1-1: Called Strike 1-2: Foul Ball, location: 2F 1-2: Strikes out swinging
|
Batting: LHB Matteo Allucingoli
|
0-0: Swinging Strike 0-1: Ball 1-1: Ground out 5-3 (Groundball, 5, EV 87.5 MPH)
|
Batting: SHB Wayne Stone
|
0-0: Ball 1-0: Ball 2-0: Called Strike 2-1: Swinging Strike 2-2: Strikes out looking
|
Bottom of the 3rd over - 0 runs, 0 hits, 0 errors, 0 left on base; Amarillo 1 - El Paso 5 |
TOP OF THE 4TH |
Amarillo Gold Sox batting - Pitching for El Paso Sun Kings : RHP Grady Warren
|
Batting: LHB Louie Meadows
|
0-0: Called Strike 0-1: Ball 1-1: Foul Ball, location: 2F 1-2: Fly out, F5 (Flyball, 5D, EV 91.9 MPH)
|
Batting: SHB Steve Jeltz
|
0-0: Swinging Strike 0-1: Ball 1-1: Ball 2-1: Ball 3-1: Ground out U3 (Groundball, 3, EV 78.1 MPH)
|
Batting: LHB Derwin McNealy
|
0-0: Swinging Strike 0-1: Ball 1-1: Called Strike 1-2: Strikes out swinging
|
Top of the 4th over - 0 runs, 0 hits, 0 errors, 0 left on base; Amarillo 1 - El Paso 5 |
BOTTOM OF THE 4TH |
El Paso Sun Kings batting - Pitching for Amarillo Gold Sox : RHP Stew Cliburn
|
Batting: RHB Lance Ediger
|
0-0: Ground out 4-3 (Groundball, 4, EV 105.0 MPH)
|
Batting: LHB Stanley Hendrickson
|
0-0: Swinging Strike 0-1: Ball 1-1: Fly out, F5 (Flyball, 5D, EV 89.4 MPH)
|
Batting: SHB Keith Thrower
|
0-0: Called Strike 0-1: Ball 1-1: Ball 2-1: SINGLE (Groundball, 6D, EV 98.8 MPH)
|
Batting: RHB Dionisio DeJesus
|
0-0: Called Strike Keith Thrower steals 2nd, throwing error, E2 Keith Thrower to third 0-1: Fly out, F7 (Flyball, 78D, EV 98.1 MPH)
|
Bottom of the 4th over - 0 runs, 1 hit, 1 error, 1 left on base; Amarillo 1 - El Paso 5 |
TOP OF THE 5TH |
Amarillo Gold Sox batting - Pitching for El Paso Sun Kings : RHP Grady Warren
|
Batting: RHB Bill Pecota
|
0-0: Ball 1-0: Fly out, F7 (Flyball, 7LD, EV 110.0 MPH)
|
Batting: RHB Vic Alvarado
|
0-0: Called Strike 0-1: Ball 1-1: Ball 2-1: Foul Ball, location: 2F 2-2: Strikes out swinging
|
Batting: RHB Todd Smith
|
0-0: Ball 1-0: SINGLE (Line Drive, 78S, EV 87.5 MPH)
|
Batting: SHB Mike Felder
|
0-0: Fly out, F8 (Flyball, 8RXD, EV 93.8 MPH)
|
Top of the 5th over - 0 runs, 1 hit, 0 errors, 1 left on base; Amarillo 1 - El Paso 5 |
BOTTOM OF THE 5TH |
El Paso Sun Kings batting - Pitching for Amarillo Gold Sox : RHP Stew Cliburn
|
Batting: RHB Chuckie Canady
|
0-0: Ball 1-0: Swinging Strike 1-1: Foul Ball, location: 2F 1-2: Strikes out swinging
|
Batting: RHB Mike Anicich
|
0-0: Fly out, F9 (Flyball, 9D, EV 83.1 MPH)
|
Batting: RHB Cecil Strawn
|
0-0: Swinging Strike 0-1: Foul Ball, location: 2F 0-2: Foul Ball, location: 2F 0-2: Ball 1-2: Ball 2-2: Foul Ball, location: 2F 2-2: Ball 3-2: Foul Ball, location: 2F 3-2: Foul Ball, location: 2F 3-2: Base on Balls
|
Pitching: RHP Alec Christianson
|
|
Batting: LHB Matteo Allucingoli
|
0-0: Ball 1-0: DOUBLE (Line Drive, 9LM, EV 105.6 MPH) Cecil Strawn to third Runner from 3rd tries for Home, SAFE, throw by RF to home
|
Batting: SHB Wayne Stone
|
0-0: Called Strike 0-1: Swinging Strike 0-2: Foul Ball, location: 2F 0-2: Foul Ball, location: 2F 0-2: Foul Ball, location: 2F 0-2: Ball 1-2: Ground out 6-3 (Groundball, 56, EV 100.0 MPH)
|
Bottom of the 5th over - 1 run, 1 hit, 0 errors, 1 left on base; Amarillo 1 - El Paso 6 |
TOP OF THE 6TH |
Amarillo Gold Sox batting - Pitching for El Paso Sun Kings : RHP Grady Warren
|
Batting: LHB Hector Arroyo
|
0-0: Ball 1-0: Ball 2-0: Called Strike 2-1: Ball 3-1: Base on Balls
|
Batting: SHB Al Newman
|
0-0: Ball 1-0: Foul Ball, location: 2F 1-1: Fly out, F6 (Line Drive, 6, EV 66.3 MPH)
|
Batting: LHB Louie Meadows
|
0-0: Foul Ball, location: 2F 0-1: Called Strike 0-2: Fly out, F4 (Line Drive, 4, EV 61.9 MPH)
|
Batting: SHB Steve Jeltz
|
0-0: Ball 1-0: Ball 2-0: SINGLE (Groundball, 4MD, EV 106.9 MPH) Hector Arroyo to second Runner from 2nd tries for 3rd, SAFE, throw by CF made to third
|
Batting: LHB Derwin McNealy
|
0-0: SINGLE (Flyball, 5D, EV 89.4 MPH) Hector Arroyo scores Steve Jeltz to second
|
Batting: RHB Bill Pecota
|
0-0: Called Strike 0-1: Ball 1-1: Foul Ball, location: 2F 1-2: Foul Ball, location: 2F 1-2: Ball 2-2: Fly out, F8 (Line Drive, 8LD, EV 89.4 MPH)
|
Top of the 6th over - 1 run, 2 hits, 0 errors, 2 left on base; Amarillo 2 - El Paso 6 |
BOTTOM OF THE 6TH |
El Paso Sun Kings batting - Pitching for Amarillo Gold Sox : RHP Alec Christianson
|
Batting: RHB Lance Ediger
|
0-0: SINGLE (Groundball, 56D, EV 108.8 MPH)
|
Batting: LHB Stanley Hendrickson
|
0-0: Ball 1-0: Called Strike 1-1: Foul Ball, location: 2F 1-2: Fielders Choice at 2nd, 4-6 (Groundball, 4, EV 77.5 MPH)
|
Batting: SHB Keith Thrower
|
0-0: Foul Ball, location: 2F 0-1: Ball 1-1: Ball 2-1: Ball Stanley Hendrickson steals 2nd base 3-1: Fly out, F7 (Line Drive, 7, EV 88.8 MPH)
|
Batting: RHB Dionisio DeJesus
|
0-0: Called Strike 0-1: Foul Ball, location: 2F 0-2: Ball 1-2: Ball 2-2: Ball 3-2: Base on Balls
|
Batting: RHB Chuckie Canady
|
0-0: Ball 1-0: Ball 2-0: Ball 3-0: Called Strike 3-1: Base on Balls Stanley Hendrickson to third Dionisio DeJesus to second
|
Batting: RHB Mike Anicich
|
0-0: Ball 1-0: Ball 2-0: Swinging Strike 2-1: Foul Ball, location: 2F 2-2: Foul Ball, location: 2F 2-2: Ball 3-2: Fly out, F7 (Flyball, 7S, EV 80.0 MPH)
|
Bottom of the 6th over - 0 runs, 1 hit, 0 errors, 3 left on base; Amarillo 2 - El Paso 6 |
TOP OF THE 7TH |
Amarillo Gold Sox batting - Pitching for El Paso Sun Kings : RHP Grady Warren
|
Batting: RHB Vic Alvarado
|
0-0: Called Strike 0-1: Ball 1-1: SINGLE (Flyball, 4D, EV 86.3 MPH)
|
Batting: RHB Todd Smith
|
0-0: Ball 1-0: Ball 2-0: Called Strike 2-1: Ball 3-1: Called Strike 3-2: Base on Balls Vic Alvarado to second
|
Batting: SHB Mike Felder
|
0-0: Ball 1-0: Fly out, F9 (Flyball, 9LS, EV 95.0 MPH)
|
Batting: LHB Hector Arroyo
|
0-0: Ball Vic Alvarado steals 3rd base 1-0: Swinging Strike 1-1: Ball 2-1: SINGLE (Line Drive, 8RS, EV 94.4 MPH) Vic Alvarado scores Todd Smith to second
|
Batting: SHB Al Newman
|
0-0: Ball 1-0: Called Strike 1-1: SINGLE (Flyball, 9LS, EV 98.8 MPH) Todd Smith to third Hector Arroyo to second Runner from 3rd tries for Home, SAFE, throw by RF to home
|
Batting: LHB Louie Meadows
|
0-0: Ball 1-0: Ball 2-0: Ball 3-0: Called Strike 3-1: Called Strike 3-2: Base on Balls Hector Arroyo to third Al Newman to second
|
Batting: SHB Steve Jeltz
|
0-0: Ball 1-0: Foul Ball, location: 2F 1-1: Foul Ball, location: 2F 1-2: Ball 2-2: Ball 3-2: Fly out, F8 (Flyball, 89M, EV 94.4 MPH) Runner from 3rd tags up, SCORES, no throw by CF
|
Batting: LHB Derwin McNealy
|
0-0: Ball 1-0: Fly out, F7 (Flyball, 7S, EV 82.5 MPH)
|
Top of the 7th over - 3 runs, 3 hits, 0 errors, 2 left on base; Amarillo 5 - El Paso 6 |
BOTTOM OF THE 7TH |
El Paso Sun Kings batting - Pitching for Amarillo Gold Sox : RHP Alec Christianson
|
Batting: RHB Cecil Strawn
|
0-0: Called Strike 0-1: Ball 1-1: SINGLE (Line Drive, 9S, EV 104.4 MPH)
|
Batting: LHB Matteo Allucingoli
|
0-0: Ball 1-0: Ball 2-0: Fly out, F7 (Flyball, 7S, EV 84.4 MPH)
|
Batting: SHB Wayne Stone
|
0-0: Ball 1-0: Ball 2-0: Ball 3-0: Base on Balls Cecil Strawn to second
|
Batting: RHB Lance Ediger
|
0-0: Ball 1-0: Ball 2-0: Fly out, F9 (Flyball, 89M, EV 89.4 MPH)
|
Batting: LHB Stanley Hendrickson
|
0-0: Ball 1-0: Ball 2-0: Ball 3-0: Base on Balls Cecil Strawn to third Wayne Stone to second
|
Pitching: RHP Charles Schupp
|
|
Batting: SHB Keith Thrower
|
0-0: Ball 1-0: Ball 2-0: Called Strike 2-1: DOUBLE (Line Drive, 7LS, EV 108.8 MPH) Cecil Strawn scores Wayne Stone scores Stanley Hendrickson to third Runner from 3rd tries for Home, SAFE, throw by LF to trailing runner, OUT at third! 7-6-5
|
Bottom of the 7th over - 3 runs, 2 hits, 0 errors, 0 left on base; Amarillo 5 - El Paso 9 |
TOP OF THE 8TH |
Amarillo Gold Sox batting - Pitching for El Paso Sun Kings : RHP Grady Warren
|
Batting: RHB Bill Pecota
|
0-0: Ball 1-0: SINGLE (Groundball, 56D, EV 100.6 MPH)
|
Batting: RHB Vic Alvarado
|
0-0: Called Strike 0-1: Grounds into double play, 5-4-3 (Groundball, 56S, EV 80.0 MPH)
|
Batting: RHB Todd Smith
|
0-0: Called Strike 0-1: Called Strike 0-2: Ground out 5-3 (Groundball, 5, EV 88.8 MPH)
|
Top of the 8th over - 0 runs, 1 hit, 0 errors, 0 left on base; Amarillo 5 - El Paso 9 |
BOTTOM OF THE 8TH |
El Paso Sun Kings batting - Pitching for Amarillo Gold Sox : RHP Charles Schupp
|
Batting: RHB Dionisio DeJesus
|
0-0: Ball 1-0: Ball 2-0: DOUBLE (Line Drive, 78D, EV 102.5 MPH)
|
Batting: RHB Chuckie Canady
|
0-0: Called Strike 0-1: Ball 1-1: Ground out 1-3 (Groundball, 13S, EV 66.3 MPH) Dionisio DeJesus to third
|
Batting: RHB Mike Anicich
|
0-0: Ball 1-0: Ground out 4-3 (Groundball, 4S, EV 75.6 MPH) Dionisio DeJesus scores
|
Batting: RHB Cecil Strawn
|
0-0: Ball 1-0: Called Strike 1-1: Ball 2-1: Ball 3-1: Ground out 6-3 (Groundball, 6, EV 81.3 MPH)
|
Bottom of the 8th over - 1 run, 1 hit, 0 errors, 0 left on base; Amarillo 5 - El Paso 10 |
TOP OF THE 9TH |
Amarillo Gold Sox batting - Pitching for El Paso Sun Kings : RHP Grady Warren
|
Batting: SHB Mike Felder
|
0-0: Foul Ball, location: 2F 0-1: Foul Ball, location: 2F 0-2: Strikes out swinging
|
Batting: LHB Hector Arroyo
|
0-0: Ball 1-0: Swinging Strike 1-1: SINGLE (Groundball, 34D, EV 104.4 MPH)
|
Batting: SHB Al Newman
|
0-0: Called Strike 0-1: Grounds into double play, 6-4-3 (Groundball, 6, EV 109.4 MPH)
|
Top of the 9th over - 0 runs, 1 hit, 0 errors, 0 left on base; Amarillo 5 - El Paso 10 |
|